 Dungeon Crawl Stone Soup version 0.21.1-1-g345015f (webtiles) character file.

8 rlgrobin the Skirmisher (level 2, -1/28 HPs)
             Began as a Naga Fighter on Feb 7, 2018.
             Slain by a leopard gecko (2 damage)
             ... on level 1 of the Dungeon.
             The game lasted 00:00:51 (229 turns).

rlgrobin the Skirmisher (Naga Fighter)               Turns: 229, Time: 00:00:52

Health: -1/28      AC:  4    Str: 18    XL:     2   Next: 8%
Magic:  2/2        EV:  5    Int:  8    God:
Gold:   35         SH:  8    Dex: 10    Spells: 1/1 levels left

rFire    . . .     SeeInvis +   a - +0 war axe
rCold    . . .     Gourm    .   c - +0 shield
rNeg     . . .     Faith    .   b - +0 scale mail
rPois    +         Spirit   .   (no helmet)
rElec    .         Reflect  .   (no cloak)
rCorr    .         Harm     .   (no gloves)
MR       .....                  (no barding)
Stlth    ..........             (no amulet)
HPRegen  0.09/turn              (no ring)
MPRegen  0.08/turn              (no ring)

@: very slow
A: large, see invisible, deformed body, poison resistance, slowness 2, slow
metabolism 1, spit poison 1, AC +0
a: Spit Poison


You were on level 1 of the Dungeon.
You were not hungry.

You visited 1 branch of the dungeon, and saw 1 of its levels.

You collected 35 gold pieces.


Innate Abilities, Weirdness & Mutations

You cannot wear boots.
Your serpentine skin is tough. (AC +0)
You have supernaturally acute eyesight. (SInv)
Armour fits poorly on your strangely shaped body.
Your system is resistant to poisons. (rPois)
You cover ground very slowly.
You have a slow metabolism.
You can spit poison.


   Skills:
 + Level 3.1 Fighting
 + Level 2.2 Axes
 + Level 2.5 Armour
 + Level 2.5 Shields


You had one spell level left.
You didn't know any spells.

Inventory:

Hand Weapons
 a - a +0 war axe (weapon)
Armour
 b - a +0 scale mail (worn)
 c - a +0 shield (worn)
Scrolls
 e - a scroll of blinking {unknown}
 g - a scroll of fog {unknown}
Potions
 d - a potion of might
Comestibles
 f - a ration

Dungeon Overview and Level Annotations

Branches:
Dungeon (1/15)

Altars:

............)......▒▒▒
▒▒▒▒▒▒▒▒▒▒.▒▒.▒......▒
▒.▒.▒.▒.▒.▒.▒.▒
▒▒.▒.▒.▒.▒.▒..▒.▒
▒.▒.▒.▒.▒.▒.▒▒▒.▒
▒.▒.▒.▒.▒.▒.▒▒..
▒.▒.▒.▒.▒.▒...▒ ▒▒
▒.▒.▒.▒.▒.▒..▒.▒ ▒...
▒.▒.▒.▒.▒.▒.▒N▒.▒(?£▒
▒▒.▒(▒)▒.▒.▒Kl▒...▒▒▒
.▒.▒.▒.▒.▒.▒l..l..K▒
▒.▒.▒.▒.▒.▒£.▒▒.?....
..▒.▒.▒.▒.▒.▒.▒ ▒.▒l▒
..▒.▒.▒.▒.▒.▒.....▒ ▒
......▒▒.)▒▒▒▒▒▒▒▒▒
..... ...▒ .... .▒▒▒


You could see a leopard gecko, a kobold and a frilled lizard.


Message History

You miss the leopard gecko! The leopard gecko barely misses you!
You closely miss the leopard gecko!
You open the dart slug like a pillowcase!!!
You block the leopard gecko's attack!
The dart slug bites you but does no damage!
You block the leopard gecko's attack!
Your shield prevents you from hitting the leopard gecko!
You cut the dart slug but do no damage! The leopard gecko barely misses you!
The dart slug launches a dart at you!
The slug dart hits you!!! * * * don't die
* * * The leopard gecko bites you! * * * don't die
* * * You take 6 damage, and have 1/21 hp!
MASSIVE DAMAGE!!!!!!
You barely miss the leopard gecko! You cut the dart slug into ribbons!!!
You annihilate the dart slug!!!
You have reached level 2!!!
The leopard gecko bites you! * * * don't die
* * * You block the leopard gecko's attack!
MP restored: 2
Okay, then!
You closely miss the leopard gecko! You closely miss the kobold!
You block the kobold's attack!
The leopard gecko bites you but does no damage!
You slice the leopard gecko but do no damage!
You closely miss the kobold!
The leopard gecko bites you but does no damage!
You block the kobold's attack! The leopard gecko bites you! rip

Action                   || total
-------------------------++-------
Melee: War axe           ||    22
Armor: Scale mail        ||     6
Dodge: Dodged            ||     3
Block: Shield            ||    16

Vault maps used:
D:1:      dpeg_arrival_rooms_c, minivault_23, minmay_pentomino_t2

Notes
Turn   | Place    | Note
-------+----------+-------------------------------------------
     0 | D:1      | rlgrobin the Naga Fighter began the quest for the Orb.
     0 | D:1      | Reached XP level 1. HP: 21/21 MP: 1/1
   226 | D:1      | HP: 1/21 [leopard gecko (2)]
   227 | D:1      | Reached XP level 2. HP: 2/28 MP: 2/2
   229 | D:1      | Slain by a leopard gecko

Vanquished Creatures
  A dart slug (D:1)
  A hobgoblin (D:1)
  3 kobolds (D:1)
  A rat (D:1)
6 creatures vanquished.
